PL
MONTANA PANDAS @ HOLLYWOOD SHREDDERS
05/24/2041
 
TOP OF THE 1ST
Montana Pandas batting - Pitching for Hollywood Shredders : RHP Jesús Vidro
Pitching: RHP Jesús Vidro
Batting: LHB Rio Mence 0-0: Ball
1-0: Ball
2-0: Called Strike
2-1: Ground out 1-3 (Groundball, 13, EV 73.1 MPH)
Batting: RHB Eikki Kankaanperä 0-0: Swinging Strike
0-1: Foul Ball, location: 2F
0-2: Strikes out swinging
Batting: RHB Shimei Miura 0-0: Called Strike
0-1: Ball
1-1: Ball
2-1: Swinging Strike
2-2: Strikes out looking
Top of the 1st over - 0 runs, 0 hits, 0 errors, 0 left on base; Montana 0 - Hollywood 0
BOTTOM OF THE 1ST
Hollywood Shredders batting - Pitching for Montana Pandas : RHP De John Cleland
Pitching: RHP De John Cleland
Batting: RHB Sayed Walid 0-0: Ball
1-0: Ball
2-0: Ball
3-0: Base on Balls
Batting: LHB Kanko Umaba 0-0: Called Strike
0-1: Ball
1-1: Ball
2-1: Fly out, F9 (Flyball, 89M, EV 88.1 MPH)
Batting: RHB Richard Trevithick 0-0: Called Strike
0-1: Ball
1-1: Ball
2-1: Ball
3-1: Base on Balls
Sayed Walid to second
Batting: LHB Johan Kroening 0-0: Called Strike
Sayed Walid steals 3rd base
0-1: Ball
1-1: Ball
Wild Pitch!
Sayed Walid scores
Richard Trevithick to second
2-1: Swinging Strike
2-2: Strikes out swinging
Batting: LHB Dewitt Hopper 0-0: Called Strike
0-1: Foul Ball, location: 2F
0-2: Ball
1-2: Strikes out swinging
Bottom of the 1st over - 1 run, 0 hits, 0 errors, 1 left on base; Montana 0 - Hollywood 1
TOP OF THE 2ND
Montana Pandas batting - Pitching for Hollywood Shredders : RHP Jesús Vidro
Batting: LHB DeMarvion Overshown 0-0: Ball
1-0: Swinging Strike
1-1: Foul Ball, location: 2F
1-2: Ball
2-2: Fly out, F9 (Flyball, 9LMF, EV 83.8 MPH)
Batting: RHB Edgar Baeza 0-0: Called Strike
0-1: Ball
1-1: Foul Ball, location: 2F
1-2: Strikes out swinging
Batting: LHB Gene Ricks 0-0: Called Strike
0-1: Foul Ball, location: 2F
0-2: Ball
1-2: Foul Ball, location: 2F
1-2: Foul Ball, location: 2F
1-2: Foul Ball, location: 2F
1-2: Ground out 4-3 (Groundball, 4D, EV 88.1 MPH)
Top of the 2nd over - 0 runs, 0 hits, 0 errors, 0 left on base; Montana 0 - Hollywood 1
BOTTOM OF THE 2ND
Hollywood Shredders batting - Pitching for Montana Pandas : RHP De John Cleland
Batting: LHB Divine Diablo 0-0: Called Strike
0-1: Foul Ball, location: 2F
0-2: Strikes out swinging
Batting: RHB Ramón Rodríguez 0-0: Ball
1-0: Ball
2-0: Ball
3-0: Called Strike
3-1: Base on Balls
Pitching: LHP Gil Herrera
Batting: SHB Alexei Ponikarov 0-0: Ball
1-0: DOUBLE (Groundball, 5L, EV 103.1 MPH)
Ramón Rodríguez to third
Batting: RHB Takeshi Kovacs 0-0: SINGLE (Line Drive, 6MD, EV 103.8 MPH)
Ramón Rodríguez scores
Alexei Ponikarov to third
Batting: RHB Sayed Walid 0-0: Ball
1-0: Called Strike
1-1: Ball
2-1: Fielders Choice at 2nd, 5-4 (Groundball, 56, EV 77.5 MPH)
Alexei Ponikarov scores
Batting: LHB Kanko Umaba 0-0: Ball
1-0: Called Strike
1-1: Ball
2-1: Fielders Choice at 2nd, 5-4 (Groundball, 56, EV 84.4 MPH)
Bottom of the 2nd over - 2 runs, 2 hits, 0 errors, 1 left on base; Montana 0 - Hollywood 3
TOP OF THE 3RD
Montana Pandas batting - Pitching for Hollywood Shredders : RHP Jesús Vidro
Batting: RHB Martín Talia 0-0: Ground out 5-3 (Groundball, 56, EV 93.1 MPH)
Batting: LHB Hai-feng Tang 0-0: Called Strike
0-1: Swinging Strike
0-2: Strikes out looking
Batting: RHB Blythe Plumpley 0-0: Foul Ball, location: 2F
0-1: Ground out 6-3 (Groundball, 6, EV 81.2 MPH)
Top of the 3rd over - 0 runs, 0 hits, 0 errors, 0 left on base; Montana 0 - Hollywood 3
BOTTOM OF THE 3RD
Hollywood Shredders batting - Pitching for Montana Pandas : LHP Gil Herrera
Batting: RHB Richard Trevithick 0-0: Foul Ball, location: 2F
0-1: Ball
1-1: Foul Ball, location: 2F
1-2: Ball
2-2: Foul Ball, location: 2F
2-2: Ball
3-2: Fly out, F9 (Flyball, 89S, EV 85.0 MPH)
Batting: LHB Johan Kroening 0-0: Called Strike
0-1: DOUBLE (Flyball, 8LXD, EV 109.4 MPH)
Batting: LHB Dewitt Hopper 0-0: Foul Ball, location: 2F
0-1: Ground out U3 (Groundball, 3, EV 88.8 MPH)
Johan Kroening to third
Batting: LHB Divine Diablo 0-0: Swinging Strike
0-1: Ball
1-1: Foul Ball, location: 2F
1-2: Foul Ball, location: 2F
1-2: Ground out 6-3 (Groundball, 56, EV 86.9 MPH)
Bottom of the 3rd over - 0 runs, 1 hit, 0 errors, 1 left on base; Montana 0 - Hollywood 3
TOP OF THE 4TH
Montana Pandas batting - Pitching for Hollywood Shredders : RHP Jesús Vidro
Batting: LHB Rio Mence 0-0: Ball
1-0: SINGLE (Line Drive, 78M, EV 109.4 MPH)
Batting: RHB Eikki Kankaanperä 0-0: Called Strike
0-1: Foul Ball, location: 2F
0-2: Foul Ball, location: 2F
0-2: Ball
1-2: Grounds into double play, 5-4-3 (Groundball, 56, EV 85.6 MPH)
Batting: RHB Shimei Miura 0-0: Foul Ball, location: 2F
0-1: Ball
1-1: Ball
2-1: Ball
3-1: Ground out 5-3 (Groundball, 56, EV 88.8 MPH)
Top of the 4th over - 0 runs, 1 hit, 0 errors, 0 left on base; Montana 0 - Hollywood 3
BOTTOM OF THE 4TH
Hollywood Shredders batting - Pitching for Montana Pandas : LHP Gil Herrera
Batting: RHB Ramón Rodríguez 0-0: Ball
1-0: SOLO HOME RUN (Flyball, 7D, EV 110.0 MPH), Distance : 377 ft
Batting: SHB Alexei Ponikarov 0-0: Ball
1-0: Ball
2-0: Foul Ball, location: 2F
2-1: Ball
3-1: Base on Balls
Batting: RHB Takeshi Kovacs 0-0: Ball
1-0: Called Strike
1-1: Fielders Choice at 2nd, 4-6 (Groundball, 34, EV 86.9 MPH)
Batting: RHB Sayed Walid 0-0: Ball
1-0: Fielders Choice at 2nd, 4-6 (Groundball, 4, EV 110.0 MPH)
Batting: LHB Kanko Umaba 0-0: Called Strike
0-1: Ball
Sayed Walid steals 2nd base
1-1: Ball
2-1: Ball
3-1: Called Strike
3-2: Base on Balls
Batting: RHB Richard Trevithick 0-0: Ball
1-0: Foul Ball, location: 2F
1-1: Foul Ball, location: 2F
1-2: Fielders Choice at 2nd, 6-4 (Groundball, 6, EV 90.6 MPH)
Bottom of the 4th over - 1 run, 1 hit, 0 errors, 2 left on base; Montana 0 - Hollywood 4
TOP OF THE 5TH
Montana Pandas batting - Pitching for Hollywood Shredders : RHP Jesús Vidro
Batting: LHB DeMarvion Overshown 0-0: Ground out 4-3 (Groundball, 34, EV 105.0 MPH)
Batting: RHB Edgar Baeza 0-0: Fly out, F8 (Flyball, 89D, EV 95.6 MPH)
Batting: LHB Gene Ricks 0-0: Ground out 6-3 (Groundball, 6, EV 100.0 MPH)
Top of the 5th over - 0 runs, 0 hits, 0 errors, 0 left on base; Montana 0 - Hollywood 4
BOTTOM OF THE 5TH
Hollywood Shredders batting - Pitching for Montana Pandas : LHP Gil Herrera
Pitching: RHP Timoteo Sassetti
Batting: LHB Johan Kroening 0-0: Called Strike
0-1: Ball
1-1: Swinging Strike
1-2: Fly out, F8 (Flyball, 8LM, EV 85.0 MPH)
Batting: LHB Dewitt Hopper 0-0: Ball
1-0: Foul Ball, location: 2F
1-1: SOLO HOME RUN (Flyball, 9LD, EV 94.4 MPH), Distance : 339 ft
Batting: LHB Divine Diablo 0-0: Ground out 4-3 (Groundball, 4, EV 111.9 MPH)
Batting: RHB Ramón Rodríguez 0-0: Foul Ball, location: 2F
0-1: Ball
1-1: Fly out, F8 (Flyball, 89M, EV 87.5 MPH)
Bottom of the 5th over - 1 run, 1 hit, 0 errors, 0 left on base; Montana 0 - Hollywood 5
TOP OF THE 6TH
Montana Pandas batting - Pitching for Hollywood Shredders : RHP Jesús Vidro
Batting: RHB Martín Talia 0-0: Ball
1-0: Called Strike
1-1: Ball
2-1: Swinging Strike
2-2: Foul Ball, location: 2F
2-2: Foul Ball, location: 2F
2-2: Strikes out swinging
Batting: LHB Hai-feng Tang 0-0: Ball
1-0: Ball
2-0: Ball
3-0: Base on Balls
Batting: RHB Blythe Plumpley 0-0: SINGLE (Groundball, 6MD, EV 109.4 MPH)
Hai-feng Tang to second
Runner from 2nd tries for 3rd, SAFE, no throw by CF
Batting: LHB Rio Mence 0-0: Called Strike
Blythe Plumpley steals 2nd base
0-1: Ball
1-1: Called Strike
1-2: Strikes out looking
Batting: RHB Eikki Kankaanperä 0-0: Ground out 3-1 (Groundball, 34, EV 101.2 MPH)
Top of the 6th over - 0 runs, 1 hit, 0 errors, 2 left on base; Montana 0 - Hollywood 5
BOTTOM OF THE 6TH
Hollywood Shredders batting - Pitching for Montana Pandas : RHP Timoteo Sassetti
Batting: SHB Alexei Ponikarov 0-0: Ball
1-0: Called Strike
1-1: Fly out, F3 (Line Drive, 3, EV 70.6 MPH)
Batting: RHB Takeshi Kovacs 0-0: SINGLE (Groundball, 6MD, EV 103.1 MPH)
Batting: RHB Sayed Walid 0-0: Ground out 6-3 (Groundball, 6, EV 104.4 MPH)
Takeshi Kovacs to second
Batting: LHB Kanko Umaba 0-0: Ball
1-0: Ground out U3 (Groundball, 3, EV 75.6 MPH)
Bottom of the 6th over - 0 runs, 1 hit, 0 errors, 1 left on base; Montana 0 - Hollywood 5
TOP OF THE 7TH
Montana Pandas batting - Pitching for Hollywood Shredders : RHP Jesús Vidro
Batting: RHB Shimei Miura 0-0: Called Strike
0-1: Called Strike
0-2: Strikes out swinging
Batting: LHB DeMarvion Overshown 0-0: Ground out 4-3 (Groundball, 4, EV 86.2 MPH)
Batting: RHB Edgar Baeza 0-0: Swinging Strike
0-1: Ball
1-1: Called Strike
1-2: Foul Ball, location: 2F
1-2: Ball
2-2: Strikes out swinging
Top of the 7th over - 0 runs, 0 hits, 0 errors, 0 left on base; Montana 0 - Hollywood 5
BOTTOM OF THE 7TH
Hollywood Shredders batting - Pitching for Montana Pandas : RHP Timoteo Sassetti
Batting: RHB Richard Trevithick 0-0: Ball
1-0: Ground out 6-3 (Groundball, 6, EV 88.1 MPH)
Batting: LHB Johan Kroening 0-0: SOLO HOME RUN (Line Drive, 9LD, EV 101.2 MPH), Distance : 347 ft
Batting: LHB Dewitt Hopper 0-0: Ball
1-0: Fly out, F7 (Flyball, 7S, EV 87.5 MPH)
Batting: LHB Divine Diablo 0-0: Foul Ball, location: 2F
0-1: SOLO HOME RUN (Flyball, 9LD, EV 96.9 MPH), Distance : 354 ft
Batting: RHB Ramón Rodríguez 0-0: Foul Ball, location: 2F
0-1: SINGLE (Groundball, 6MD, EV 98.8 MPH)
Batting: SHB Alexei Ponikarov 0-0: Called Strike
0-1: Ball
1-1: Ball
2-1: Foul Ball, location: 2F
2-2: Fly out, F6 (Line Drive, 6, EV 63.1 MPH)
Bottom of the 7th over - 2 runs, 3 hits, 0 errors, 1 left on base; Montana 0 - Hollywood 7
TOP OF THE 8TH
Montana Pandas batting - Pitching for Hollywood Shredders : RHP Jesús Vidro
Batting: LHB Gene Ricks 0-0: Ball
1-0: Called Strike
1-1: Foul Ball, location: 2F
1-2: Ball
2-2: Foul Ball, location: 2F
2-2: Ground out 5-3 (Groundball, 56, EV 88.1 MPH)
Batting: RHB Martín Talia 0-0: Ball
1-0: Foul Ball, location: 2F
1-1: Foul Ball, location: 2F
1-2: Foul Ball, location: 2F
1-2: Foul Ball, location: 2F
1-2: Ground out 5-3 (Groundball, 56S, EV 78.8 MPH)
Batting: LHB Hai-feng Tang 0-0: Called Strike
0-1: Ball
1-1: Foul Ball, location: 2F
1-2: Ground out 5-3 (Groundball, 56S, EV 64.4 MPH)
Top of the 8th over - 0 runs, 0 hits, 0 errors, 0 left on base; Montana 0 - Hollywood 7
BOTTOM OF THE 8TH
Hollywood Shredders batting - Pitching for Montana Pandas : RHP Timoteo Sassetti
Batting: RHB Takeshi Kovacs 0-0: Swinging Strike
0-1: Foul Ball, location: 2F
0-2: Ball
1-2: SINGLE (Groundball, 34D, EV 104.4 MPH)
Batting: RHB Sayed Walid 0-0: Foul Ball, location: 2F
0-1: Ball
1-1: Ball
2-1: Ball
3-1: Base on Balls
Takeshi Kovacs to second
Pitching: RHP Scott Colorado
Batting: LHB Kanko Umaba 0-0: Called Strike
0-1: Called Strike
0-2: Ball
1-2: Strikes out looking
Batting: RHB Richard Trevithick 0-0: Ball
1-0: Ball
2-0: Ball
3-0: Grounds into double play, 4-6-3 (Groundball, 4, EV 83.8 MPH)
Bottom of the 8th over - 0 runs, 1 hit, 0 errors, 1 left on base; Montana 0 - Hollywood 7
TOP OF THE 9TH
Montana Pandas batting - Pitching for Hollywood Shredders : RHP Jesús Vidro
Batting: RHB Blythe Plumpley 0-0: Called Strike
0-1: Swinging Strike
0-2: Ball
1-2: Ball
2-2: Foul Ball, location: 2F
2-2: Ground out 5-3 (Groundball, 5, EV 79.4 MPH)
Pitching: RHP Larry Benítez
Batting: LHB Rio Mence 0-0: Ball
1-0: Ball
2-0: Called Strike
2-1: Ground out 4-3 (Groundball, 4, EV 84.4 MPH)
Batting: RHB Eikki Kankaanperä 0-0: Ball
1-0: Swinging Strike
1-1: Ball
2-1: Called Strike
2-2: Ball
3-2: Strikes out swinging
Top of the 9th over - 0 runs, 0 hits, 0 errors, 0 left on base; Montana 0 - Hollywood 7
Tuesday, January 5th, 2021 - OOTP Baseball 20.8 Build 74